 Dungeon Crawl Stone Soup version 0.29.1-2-gbd0b4ee654 (webtiles) character file.

Game seed: 9597563766285064286

1072 styxcanada the Covert (level 8, 0/40 HPs)
             Began as a Spriggan Brigand on Nov 9, 2022.
             Slain by a gnoll
             ... wielding a +1 spear of freezing
             ... led by a gnoll bouda
              (3 damage)
             ... on level 6 of the Dungeon on Nov 11, 2022.
             The game lasted 00:19:33 (5142 turns).

styxcanada the Covert (Spriggan Brigand)            Turns: 5142, Time: 00:19:34

Health: 0/40       AC:  4    Str:  7    XL:     8   Next: 7%
Magic:  12/12      EV: 18    Int: 13    God:
Gold:   185        SH:  6    Dex: 18    Spells: 8/11 levels left

rFire   . . .      SeeInvis +   p - +2 short sword (holy)
rCold   + . .      Faith    .   i - +0 buckler
rNeg    . . .      Spirit   .   b - +1 robe
rPois   .          Reflect  .   (helmet restricted)
rElec   .          Harm     .   c - +0 cloak
rCorr   .          Rampage  .   (gloves unavailable)
Will    +....                   (boots unavailable)
Stlth   +++++.....              (no amulet)
HPRegen 0.13/turn               f - ring of protection from cold
MPRegen 0.13/turn               (no ring)

@: weakened, very quick
A: very small, no large weapons, unfitting armour, see invisible, speed 3
a: no special abilities


You were on level 6 of the Dungeon.
You visited 1 branch of the dungeon, and saw 6 of its levels.

You collected 315 gold pieces.
You spent 130 gold pieces at shops.

Inventory:

Hand Weapons
 a - a +2 dagger
 h - a +0 sling
 p - a +2 short sword of holy wrath (weapon)
Missiles
 d - 6 poisoned darts (quivered)
 e - 3 curare-tipped darts
 g - 29 stones
Armour
 b - a +1 robe (worn)
 c - a +0 cloak (worn)
 i - a +0 buckler (worn)
Jewellery
 f - a ring of protection from cold (left hand)
 l - an amulet of the acrobat
 s - an amulet of magic regeneration
 x - a +6 ring of intelligence
Wands
 j - a wand of acid (9)
Potions
 k - a potion of haste
 m - a potion of berserk rage
 o - a potion of cancellation
 r - a potion of magic
 t - 2 potions of flight
 w - 3 potions of curing
 z - a potion of heal wounds
 A - a potion of might
 B - a potion of lignification {unknown}


   Skills:
 + Level 3.0 Fighting
 + Level 3.9 Short Blades
 + Level 3.4 Throwing
 * Level 4.2 Dodging
 * Level 11.7 Stealth
 * Level 0.5 Shields
 - Level 2.1 Spellcasting
 * Level 1.3 Evocations


You had 8 spell levels left.
You knew the following spells:

 Your Spells              Type           Power      Damage    Failure   Level
a - Sting                 Tmut/Pois      4%         1d3       50%         1
b - Poisonous Vapours     Pois/Air       2%         N/A       63%         2

Your spell library contained the following spells:

 Spells                   Type           Power      Damage    Failure   Level
 Beastly Appendage        Tmut           2%         N/A       50%         1
 Wereblood                Tmut           1%         N/A       63%         2
 Spider Form              Tmut/Pois      1%         N/A       86%         3
 Olgreb's Toxic Radiance  Pois           1%         N/A       99%         4


Dungeon Overview and Level Annotations

Branches:
Dungeon (6/15)
 Temple: D:4-7

Altars:
Dithmenos
Kikubaaqudgha
Okawaru
Qazlal

Shops:
D:3 !   D:6 =

Annotations:
D:6 Grinder


Innate Abilities, Weirdness & Mutations

You are very small and have problems with some larger weapons.
You are too small for most types of armour.
You have supernaturally acute eyesight. (SInv)
You cover ground extremely quickly. (Speed+++)


Message History

The poisoned dart closely misses the gnoll bouda.
The poisoned dart barely misses the gnoll. x2
The gnoll bouda gazes fiercely through you!
You feel as though you will be weak longer.
Throw: 8 darts (poison)
Press: ? - help, Q - select action, (/) - cycle Shift-Dir - straight line, f/p - gnoll bouda
Aim: a gnoll bouda, wielding a +0 club and wearing a +0 robe (severely wounded, poisoned, 66% to hit)
You throw a poisoned dart. The poisoned dart hits the gnoll bouda.
The gnoll bouda looks even sicker.
The gnoll bouda is severely wounded.
The gnoll bouda barks out a call to the hunt!
The gnolls pick up the pace!
The gnoll throws a throwing net.
You block the throwing net.
You see here a throwing net.
The gnoll is no longer moving quickly.
The gnoll looks more healthy.
Throw: 7 darts (poison)
Press: ? - help, Q - select action, (/) - cycle Shift-Dir - straight line, f/p - gnoll bouda
Aim: a gnoll bouda, wielding a +0 club and wearing a +0 robe (severely wounded, very poisoned, 66% to hit)
You throw a poisoned dart.
The poisoned dart barely misses the gnoll bouda.
The poisoned dart hits the gnoll!
The gnoll is poisoned.
The gnoll bouda gazes fiercely through you!
You feel as though you will be weak longer.
Aiming: Corrosive Bolt
Press: ? - help, Shift-Dir - straight line, f - gnoll, p - gnoll bouda
Aim: a gnoll, wielding a +0 flail (very poisoned, 75% to hit)
The bolt of acid misses the gnoll bouda.
The bolt of acid misses the gnoll.
The gnoll bouda calls upon its god to heal the gnoll.
The gnoll's wounds heal themselves!
Aiming: Corrosive Bolt
Press: ? - help, Shift-Dir - straight line, f/p - gnoll
Aim: a gnoll, wielding a +0 flail (lightly wounded, very poisoned, 75% to hit)
The bolt of acid hits the gnoll!
You kill the gnoll!
The gnoll bouda gazes fiercely through you!
You feel as though you will be weak longer.
The gnoll hits you from afar with a +1 spear of freezing.
You die...

#####......# ##.........§§..≈
#......# #..........§§§..
#......# #..........§§§+.
#......# ##.<.......≈≈#§≈≈
#......####.........§..#§_.
#......#.....∩.........#≈>.
############...###.........≈.#≈≈≈
(.[((...(....####.......#...≈#
########.5(.ggg.@.......#...≈§§
#....)...........#....§§
#.......#........#.......
##########.......#...####§
#.......##### # #########


You could see Grinder, a gnoll bouda (poisoned) and 2 gnolls.

Vanquished Creatures
  Sigmund (D:3)
  Menkaure (D:6)
  An ice beast (D:4)
  A sky beast (D:6)
  An ogre (D:5)
  3 scorpions
  A howler monkey (D:4)
  An orc priest (D:4)
  Jessica (D:3)
  Terence (D:3)
  2 iguanas
  9 adders
  A gnoll (D:6)
  A white imp (D:5)
  4 worms
  9 orcs
  4 ball pythons
  4 bats
  5 endoplasms
  4 giant cockroaches
  4 hobgoblins
  2 jackals (D:2)
  3 quokkas
  3 frilled lizards
  6 goblins
  5 kobolds
  5 rats
83 creatures vanquished.

Notes
Turn   | Place    | Note
-------+----------+-------------------------------------------
     0 | D:1      | styxcanada the Spriggan Brigand began the quest for the
                  | Orb.
     0 | D:1      | Reached XP level 1. HP: 10/10 MP: 2/2
    57 | D:1      | Reached skill level 6 in Stealth
   129 | D:1      | Reached XP level 2. HP: 9/15 MP: 3/3
   471 | D:1      | Found a faded altar of an unknown god.
   576 | D:2      | Reached skill level 7 in Stealth
   576 | D:2      | Reached XP level 3. HP: 18/18 MP: 4/4
  1703 | D:3      | Noticed Terence
  1709 | D:3      | Killed Terence
  1710 | D:3      | Reached XP level 4. HP: 23/23 MP: 5/5
  1758 | D:3      | Reached skill level 8 in Stealth
  2040 | D:3      | Noticed Sigmund
  2047 | D:3      | Killed Sigmund
  2048 | D:3      | Reached skill level 9 in Stealth
  2048 | D:3      | Reached XP level 5. HP: 27/27 MP: 6/6
  2048 | D:3      | Reached XP level 6. HP: 31/31 MP: 7/7
  2173 | D:3      | Noticed Jessica
  2213 | D:3      | Killed Jessica
  2404 | D:3      | Found Fatamos's Distillery.
  2428 | D:3      | Bought a potion of degeneration for 10 gold pieces
  2428 | D:3      | Bought a potion of curing for 30 gold pieces
  2428 | D:3      | Bought a potion of heal wounds for 50 gold pieces
  2428 | D:3      | Bought a potion of might for 40 gold pieces
  3095 | D:4      | Reached skill level 10 in Stealth
  3153 | D:4      | Found a shadowy altar of Dithmenos.
  3508 | D:4      | Reached skill level 1 in Spellcasting
  3640 | D:4      | Found an ancient bone altar of Kikubaaqudgha.
  3747 | D:4      | Noticed an ice beast
  3750 | D:4      | Killed an ice beast
  3751 | D:4      | Reached XP level 7. HP: 35/35 MP: 9/9
  4304 | D:5      | Entered Level 5 of the Dungeon
  4306 | D:5      | Found an iron altar of Okawaru.
  4457 | D:5      | Reached skill level 11 in Stealth
  4976 | D:6      | Noticed Menkaure
  4981 | D:6      | Killed Menkaure
  4987 | D:6      | Reached skill level 1 in Evocations
  4987 | D:6      | Reached XP level 8. HP: 40/40 MP: 12/12
  5003 | D:6      | Found Kurokuk's Jewellery Emporium.
  5014 | D:6      | Learned a level 1 spell: Sting
  5017 | D:6      | Learned a level 2 spell: Poisonous Vapours
  5020 | D:6      | Found a stormy altar of Qazlal.
  5089 | D:6      | Noticed Grinder
  5122 | D:6      | HP: 1/40 [gnoll bouda/+0 club (9)]
  5142 | D:6      | Slain by a gnoll

Illustrated notes

Levels and vault maps discovered:
D:1:      ncdulo_lavacross, layout_rooms, shapermc_ecumenical_altar_venn,
          minmay_tiny_reverse_x
D:2:      layout_loops_corners
D:3:      layout_basic, serial_shops, shop_fountains, chequers_arboretum,
          nicolae_wormholes, uniq_terence, uniq_sigmund, uniq_jessica
D:4:      nicolae_cairo_tiling_very_big, layout_basic,
          nicolae_kikubaaqudgha_miasma_corner, overflow_temple_1_default
D:5:      layout_loops_ring, okawaru_trees_1
D:6:      layout_rooms, nicolae_qazlal_general_emergency,
          minmay_temple_entry_tees, serial_shops, shop_coins,
          serial_bayou_lagoon_a, uniq_grinder, uniq_menkaure

Skill      XL: |  1  2  3  4  5  6  7 |
---------------+----------------------+-----
Stealth        | 6 7 9 10 11 | 11.7
Fighting       | 2 3 |  3.0
Dodging        | 2 3 4 |  4.2
Short Blades   | 3 |  3.9
Spellcasting   | 1 2 |  2.1
Throwing       | 3 |  3.4
Evocations     | 1 |  1.3
Shields        | |  0.5

Action                   |  1- 3 |  4- 6 |  7- 9 || total
-------------------------+-------+-------+-------++-------
Melee: Dagger            |    66 |    57 |       ||   123
       Punch             |     2 |       |     1 ||     3
       Short sword       |       |     2 |    78 ||    80
 Fire: Sling             |       |       |     3 ||     3
Throw: Dart              |     3 |    34 |    21 ||    58
Evoke: Wand              |       |       |     2 ||     2
  Use: Scroll            |       |     7 |     4 ||    11
 Stab: Sleeping          |    13 |    10 |     8 ||    31
       Distracted        |       |     1 |     1 ||     2
Armor: Robe              |     9 |     3 |     7 ||    19
Dodge: Dodged            |    41 |    21 |    42 ||   104
Block: Buckler           |       |       |     6 ||     6
